 Dungeon Sprint DCSS version 0.21-a0-274-gc1afaeb (webtiles) character file.

30464 potatolord6000 the Executioner (level 13, -23/139 HPs)
             Began as a Hill Orc Monk on Sept 19, 2017.
             Was a High Priest of Beogh.
             Annihilated by an orc knight
             ... wielding a +0 great sword
              (26 damage)
             ... in the Dungeon (Sprint VII: "The Pits").
             The game lasted 00:21:17 (4233 turns).

potatolord6000 the Executioner (Hill Orc Monk)      Turns: 4233, Time: 00:21:18

Health: -23/139    AC: 22    Str: 22    XL:     13   Next: 51%
Magic:  4/27       EV: 14    Int: 10    God:    Beogh [*****.]
Gold:   53         SH:  0    Dex: 13    Spells: 12/12 levels left

rFire    + . .     SeeInvis .   u - +4 battleaxe
rCold    . . .     Gourm    .   (shield currently unavailable)
rNeg     + . .     Faith    .   o - +5 scale mail
rPois    .         Spirit   .   (no helmet)
rElec    .         Reflect  .   i - +0 cloak
rCorr    .         Harm     .   q - +0 pair of gloves "Wiageobetre" {rF+ rN+ Str+3}
MR       .....     NoTele   +   (no boots)
Stlth    ..........             (no amulet)
HPRegen  0.33/turn              p - +3 ring of evasion
MPRegen  0.20/turn              f - +3 ring of protection

@: no status effects
A: walk on water
a: Smiting, Recall Orcish Followers, Give Item to Named Follower, Renounce
Religion


You were in the Dungeon.
You worshipped Beogh.
Beogh was extremely pleased with you.
You were completely stuffed.

You visited 1 branch You collected 53 gold pieces.

Inventory:

Hand Weapons
 t - a +2 halberd of protection
 u - a +4 battleaxe (weapon)
 v - a +2 dire flail of protection
 w - a +4 quarterstaff of speed
 x - a +2 scimitar of holy wrath
 A - the +4 Vampire's Tooth {vamp}
   (You found it in the Dungeon)

   It inflicts no extra harm, but heals its wielder when it wounds a living foe.
 C - a +1 demon trident of electrocution
Armour
 i - a +0 cloak (worn)
 o - a +5 scale mail (worn)
 q - the +0 pair of gloves "Wiageobetre" (worn) {rF+ rN+ Str+3}
   (You found it in the Dungeon)

   It affects your strength (+3).
   It protects you from fire.
   It protects you from negative energy.
Jewellery
 f - a +3 ring of protection (right hand)
 p - a +3 ring of evasion (left hand)
Wands
 a - a wand of random effects (19/48)
Scrolls
 j - 6 scrolls of remove curse
 k - 5 scrolls of amnesia
 l - a scroll of summoning
 s - 3 scrolls of identify
 y - a scroll of recharging
 z - 3 scrolls of fog
Potions
 h - 6 potions of berserk rage
 r - a potion of brilliance
Comestibles
 b - 6 royal jellies
 c - 10 bread rations
 m - 40 fruits
 n - 3 meat rations


   Skills:
 + Level 20.0 Fighting
 + Level 21.4 Axes
 + Level 18.4 Armour
 - Level 2.4 Dodging
 - Level 1.5 Stealth
 + Level 21.2 Invocations


You had 12 spell levels left.
You didn't know any spells.

Dungeon Overview and Level Annotations

Branches:
Dungeon (1/1)

Altars:
Ashenzari
Cheibriados
Dithmenos
Elyvilon
Fedhas
Gozag
Hepliaklqana
Kikubaaqudgha
Makhleb
Nemelex Xobeh
Okawaru
Qazlal
Ru
Sif Muna
Trog
Uskayaw
Vehumet
Wu Jian
Xom
Yredelemnul
Zin
The Shining One
Beogh
Jiyva
Lugonu


Message History

Your orc knight hits the orc knight with a war axe.
The orc knight hits you with a great sword!!
* * * LOW HITPOINT WARNING * * *
The orc knight hits you with a great mace!!
* * * LOW HITPOINT WARNING * * *
The orc knight hits you with a battleaxe.
* * * LOW HITPOINT WARNING * * *
Your orc knight hits the orc knight with a club!
The orc knight hits you but does no damage.
You slash the orc knight!
The orc knight is moderately wounded.
You slash the orc knight! x4
The orc knight hits your orc knight with a battleaxe!
Your orc knight hits the orc knight with a war axe!!
The orc knight dies!
Beogh accepts your kill.
Your orc knight barely misses the orc knight.
The orc knight hits you with a great sword!!
You die...
Beogh appreciates the orc knight's killing of a heretic priest.

..# ..+ ..+ ''#
''###############################
.......)).......o................
.......).......ooo)..............
..##############oo##############.
..# #..o@)o..# #. ..# #..ooo...#
#. ..# ####o.#### #. ..# .... #.
..# ..... #. ..# ....... #. ).#
##..#### #. ).# #### #. ..# #.


You could see 6 orc knights, 4 friendly orc knights, a friendly orc priest and a
friendly orc wizard (invisible).

Vanquished Creatures
  A nagaraja (D)
  A ghost moth (D)
  2 orc warlords (D)
  4 ghouls (D)
  A slime creature (D)
  A vampire knight (D)
  Josephine (D)
  A deep elf high priest (D)
  A naga warrior (D)
  A fire crab (D)
  A sun demon (D)
  A flayed ghost (D)
  A swamp dragon (D)
  A harpy (D)
  A phantasmal warrior (D)
  3 deep elf magi (D)
  2 cyclopes (D)
  A black mamba (shapeshifter) (D)
  6 elephants (D)
  A gargoyle (D)
  A spiny frog (D)
  2 komodo dragons (D)
  An efreet (D)
  A kobold demonologist (D)
  3 rime drakes (D)
  A freezing wraith (D)
  3 ice devils (D)
  A hellwing (D)
  A troll (D)
  A jumping spider (D)
  3 blink frogs (D)
  A polar bear (D)
  3 dream sheep (D)
  A snapping turtle (D)
  A flying skull (D)
  A spriggan (D)
  A redback (D)
  Eustachio (D)
  2 vampires (D)
  A basilisk (D)
  3 wraiths (D)
  A fire bat (D)
  A steam dragon (D)
  4 vampire mosquitoes (D)
  A floating eye (D)
  An ice beast (D)
  A swamp drake (D)
  A sky beast (D)
  2 ogres (D)
  An eye of draining (D)
  A crocodile (D)
  A big kobold (D)
  A gnoll sergeant (D)
  A scorpion (D)
  A gnoll shaman (D)
  An orc priest (D)
  Terence (D)
  A worker ant (D)
  7 gnolls (D)
  A river rat (D)
  An ooze (D)
  2 hobgoblins (D)
  A quokka (D)
  2 frilled lizards (D)
  4 kobolds (D)
  A quokka zombie (D)
105 creatures vanquished.

Vanquished Creatures (collateral kills)
  An orc knight (D)
  A manticore (D)
  A kobold demonologist (D)
  2 red devils (D)
  A snapping turtle (D)
  A merfolk (D)
  A dream sheep (D)
  2 blink frogs (D)
  3 air elementals (D)
  A wraith (D)
  A spriggan (D)
  A vampire mosquito (D)
  3 nagas (D)
  An orc warrior (D)
  2 crocodiles (D)
  A gnoll (D)
  A bat simulacrum (D)
  A quokka (D)
  A kobold (D)
26 creatures vanquished.

Vanquished Creatures (others)
  An orc warrior (D)
  4 orc priests (D)
  5 orc wizards (D)
  A centaur (D)
  3 orcs (D)
  A kobold (D)
15 creatures vanquished.

Grand Total: 146 creatures vanquished

Notes
Turn   | Place    | Note
-------+----------+-------------------------------------------
     0 | D        | potatolord6000 the Hill Orc Monk began the quest for the Orb.
     0 | D        | Reached XP level 1. HP: 19/19 MP: 1/1
    11 | D        | Noticed a floating eye
    16 | D        | Found a bloodstained altar of Trog.
    16 | D        | Found a deep blue altar of Sif Muna.
    16 | D        | Found a viscous altar of Jiyva.
    16 | D        | Found a hazy altar of Hepliaklqana.
    16 | D        | Found an opulent altar of Gozag.
    17 | D        | Found a glowing golden altar of the Shining One.
    17 | D        | Found a glowing silver altar of Zin.
    17 | D        | Found a basalt altar of Yredelemnul.
    17 | D        | Found a shimmering altar of Xom.
    17 | D        | Found an ornate altar of the Wu Jian Council.
    17 | D        | Found a sacrificial altar of Ru.
    17 | D        | Found a stormy altar of Qazlal.
    17 | D        | Found an iron altar of Okawaru.
    17 | D        | Found a sparkling altar of Nemelex Xobeh.
    17 | D        | Found a burning altar of Makhleb.
    17 | D        | Found a blossoming altar of Fedhas.
    17 | D        | Found a white marble altar of Elyvilon.
    17 | D        | Found a shadowy altar of Dithmenos.
    17 | D        | Found a snail-covered altar of Cheibriados.
    17 | D        | Paralysed by a floating eye for 4 turns
    23 | D        | Found a corrupted altar of Lugonu.
    23 | D        | Found a radiant altar of Vehumet.
    23 | D        | Found a roughly hewn altar of Beogh.
    25 | D        | Found a shattered altar of Ashenzari.
    25 | D        | Found an ancient bone altar of Kikubaaqudgha.
    25 | D        | Found a hide-covered altar of Uskayaw.
    26 | D        | Paralysed by a floating eye for 2 turns
    33 | D        | Became a worshipper of Beogh the Brigand
    33 | D        | Reached * piety under Beogh
    33 | D        | Reached ** piety under Beogh
    33 | D        | Paralysed by a floating eye for 4 turns
    41 | D        | Paralysed by a floating eye for 4 turns
    45 | D        | Killed a floating eye
    45 | D        | Reached skill level 5 in Invocations
    45 | D        | Reached XP level 2. HP: 31/31 MP: 1/5
    45 | D        | Reached XP level 3. HP: 38/38 MP: 1/7
    45 | D        | Reached XP level 4. HP: 45/45 MP: 1/8
   209 | D        | Reached *** piety under Beogh
   235 | D        | Reached **** piety under Beogh
   235 | D        | Reached skill level 5 in Armour
   235 | D        | Reached XP level 5. HP: 35/51 MP: 9/9
   378 | D        | Noticed a sky beast
   387 | D        | Noticed an ice beast
   405 | D        | Killed a sky beast
   421 | D        | Reached XP level 6. HP: 40/62 MP: 10/12
   423 | D        | Reached ***** piety under Beogh
   438 | D        | Killed an ice beast
   439 | D        | Reached skill level 10 in Axes
   452 | D        | Reached XP level 7. HP: 43/70 MP: 12/14
   615 | D        | Reached skill level 10 in Fighting
   615 | D        | Reached skill level 10 in Invocations
   690 | D        | Noticed a cyclops
   692 | D        | Killed a cyclops
   692 | D        | Reached XP level 8. HP: 71/82 MP: 11/16
   766 | D        | Reached ****** piety under Beogh
   814 | D        | Noticed a flying skull
   814 | D        | Noticed a rime drake
   814 | D        | Noticed a jumping spider
   824 | D        | Killed a rime drake
   824 | D        | Reached skill level 10 in Armour
   825 | D        | Killed a flying skull
   830 | D        | Killed a jumping spider
   830 | D        | Gained Wulfoc as an ally
   830 | D        | Reached XP level 9. HP: 54/90 MP: 16/18
  1088 | D        | Noticed a hellwing
  1089 | D        | Noticed a gargoyle
  1091 | D        | Killed a gargoyle
  1093 | D        | Killed a hellwing
  1125 | D        | Noticed a cyclops
  1125 | D        | Noticed a polar bear
  1129 | D        | Killed a cyclops
  1131 | D        | Killed a polar bear
  1137 | D        | Noticed an ice devil
  1139 | D        | Noticed a spiny frog
  1139 | D        | Noticed a vampire knight
  1143 | D        | Killed a vampire knight
  1143 | D        | Reached skill level 15 in Axes
  1143 | D        | Reached XP level 10. HP: 82/102 MP: 13/20
  1145 | D        | Killed a spiny frog
  1147 | D        | Gained Morbeogh as an ally
  1171 | D        | Reached skill level 15 in Invocations
  1300 | D        | Noticed Josephine
  1306 | D        | Your ally Wulfoc died
  1306 | D        | Your ally Morbeogh died
  1308 | D        | Killed Josephine
  1308 | D        | Reached skill level 15 in Fighting
  1317 | D        | Reached XP level 11. HP: 45/112 MP: 20/22
  1564 | D        | Noticed a deep elf mage
  1572 | D        | Killed a deep elf mage
  1631 | D        | Noticed Terence
  1633 | D        | Noticed a phantasmal warrior
  1636 | D        | Killed a phantasmal warrior
  1637 | D        | Killed Terence
  2069 | D        | Noticed an orc knight
  2389 | D        | Noticed a naga warrior
  2398 | D        | Killed a naga warrior
  2398 | D        | Reached skill level 15 in Armour
  2550 | D        | Noticed a fire crab
  2552 | D        | Noticed a manticore
  2555 | D        | Killed a fire crab
  2560 | D        | Killed a manticore
  2786 | D        | Noticed a sun demon
  2786 | D        | Noticed a flayed ghost
  2789 | D        | Killed a sun demon
  2792 | D        | Killed a flayed ghost
  2792 | D        | Reached XP level 12. HP: 98/125 MP: 17/25
  2924 | D        | Found the +4 Vampire's Tooth {vamp}
  2953 | D        | Got the +0 pair of gloves "Wiageobetre" {rF+ rN+ Str+3}
  3038 | D        | Noticed a ghoul
  3043 | D        | Killed a ghoul
  3055 | D        | Noticed a ghoul
  3061 | D        | Killed a ghost moth
  3067 | D        | Noticed a ghoul
  3076 | D        | Noticed a ghoul
  3077 | D        | Killed a ghoul
  3085 | D        | Killed a ghoul
  3093 | D        | Noticed a nagaraja
  3093 | D        | Killed a ghoul
  3104 | D        | Killed a nagaraja
  3104 | D        | Reached XP level 13. HP: 17/137 MP: 19/27
  3105 | D        | HP: 6/137 [ice devil (17)]
  3107 | D        | Noticed Eustachio
  3109 | D        | Killed Eustachio
  3141 | D        | Your ally Wulfoc died
  3400 | D        | Your ally Wulfoc died
  4223 | D        | Noticed an orc warlord
  4223 | D        | Noticed a deep elf high priest
  4223 | D        | Noticed an orc warlord
  4225 | D        | Killed a deep elf high priest
  4227 | D        | Killed an orc warlord
  4231 | D        | Killed an orc warlord
  4232 | D        | HP: 3/139 [orc knight/great mace (31)]
  4233 | D        | Annihilated by an orc knight

Vault maps used:
D:        pitsprint

Skill      XL: |  1  2  3  4  5  6  7  8  9 10 11 12 13 |
---------------+----------------------------------------+-----
Fighting       | 6 8 9 11 12 13 15 17 19 20 | 20.0
Axes           | 7 9 10 11 12 15 16 18 20 21 | 21.4
Armour         | 4 5 6 8 9 10 12 13 15 17 18 | 18.4
Invocations    | 5 6 8 9 11 12 14 15 18 20 21 | 21.2
Dodging        | |  2.4
Stealth        | |  1.5

Action                   |  1- 3 |  4- 6 |  7- 9 | 10-12 | 13-15 || total
-------------------------+-------+-------+-------+-------+-------++-------
Melee: Hand axe          |     7 |    79 |    53 |       |       ||   139
       War axe           |       |       |     8 |    29 |       ||    37
       Battleaxe         |       |       |       |    98 |    25 ||   123
Invok: Smiting           |       |       |    12 |    46 |    23 ||    81
       Resurrection      |       |       |     1 |     3 |     1 ||     5
       Give Item to Name |       |       |       |     1 |       ||     1
       Recall Orcish Fol |       |       |       |     2 |       ||     2
  Use: Scroll            |     1 |       |       |     6 |       ||     7
       Potion            |       |     2 |     2 |    24 |     7 ||    35
 Stab: Sleeping          |     1 |     3 |       |       |       ||     4
       Distracted        |       |       |     1 |     2 |       ||     3
       Invisible         |       |       |       |       |     7 ||     7
  Eat: Meat ration       |       |       |     1 |     1 |     2 ||     4
Armor: Scale mail        |       |    18 |    26 |   126 |    18 ||   188
Dodge: Dodged            |       |    38 |    31 |   178 |    46 ||   293

Table legend:
 A = Spawn XP
 B = Non-spawn XP
 C = Spawn XP percentage of total XP
 D = Spawn monster count
 E = Non-spawn monster count
 F = Spawn count percentage of total count
 G = Total turns spent on level
                    A         B        C        D         E        F      G
               +---------+---------+-------+---------+---------+-------+---------
         Total |       0 |   43521 |   0.0 |       0 |     132 |   0.0 |  4233
               +---------+---------+-------+---------+---------+-------+---------
             D |       0 |   43521 |   0.0 |       0 |     132 |   0.0 |  4233
               +---------+---------+-------+---------+---------+-------+---------
